 Dungeon Crawl Stone Soup version 0.15-a0-187-g0bb430c (webtiles) character file.

302 Froboctopus the Ducker (level 5, -2/25 HPs)
             Began as a Felid Monk on Apr 21, 2014.
             Was a Priest of Nemelex Xobeh.
             Slain by an orc wizard
             ... wielding a +0,+0 dagger
              (6 damage)
             ... on Level 4 of the Dungeon.
             The game lasted 00:17:55 (3240 turns).

Froboctopus the Ducker (Felid Monk)                 Turns: 3240, Time: 00:17:56

HP  -2/25        AC  1     Str  8      XL: 5   Next: 44%
MP   8/9         EV 21     Int 12      God: Nemelex Xobeh [***...]
Gold 108         SH  0     Dex 18      Spells:  0 memorised,  4 levels left
Lives: 0, deaths: 1

rFire  . . .     SeeInvis +       - Unarmed
rCold  . . .     Clarity  .     (armour unavailable)
rNeg   . . .     Conserve .     (shield unavailable)
rPois  .         rCorr    .     (helmet unavailable)
rElec  .         rRot     .     (cloak unavailable)
SustAb . .       Spirit   .     (gloves unavailable)
rMut   .         Warding  .     (boots unavailable)
Saprov . . .     Stasis   .     (no amulet)
MR     .....                    (no ring)
                                (no ring)

@: exhausted, quick, not resistant to hostile enchantments, quite stealthy
A: paw claws, no armour, no weapons or thrown items, fangs 3, see invisible,
carnivore 3, speed 1, shaggy fur 1, slow metabolism 1, jump 1
a: Jump Attack, Draw One, Peek at Two, Triple Draw, Renounce Religion


You were on level 4 of the Dungeon.
You worshipped Nemelex Xobeh.
Nemelex Xobeh was most pleased with you.
You were very hungry.

You visited 1 branch of the dungeon, and saw 4 of its levels.

You collected 108 gold pieces.

Inventory:

Magical devices
 k - a wand of teleportation (1)
 l - a wand of confusion (15)
Comestibles
 b - a meat ration
Scrolls
 a - a scroll of random uselessness {unknown}
 e - a scroll of identify
 j - 3 scrolls of teleportation {unknown}
 m - a scroll of enchant weapon II {unknown}
 o - a scroll of remove curse {unknown}
Jewellery
 d - an uncursed ring of wizardry
Potions
 f - a potion of resistance
 h - a potion of restore abilities
 i - 3 potions of curing


   Skills:
 * Level 3.9 Fighting
 * Level 5.8 Dodging
 - Level 2.6 Stealth
 * Level 4.2 Unarmed Combat
 + Level 1.9 Evocations


You had 4 spell levels left.
You didn't know any spells.

Dungeon Overview and Level Annotations

Branches:
Dungeon (4/15)
 Temple: D:4-7

Altars:
Makhleb
Nemelex Xobeh
Trog


Innate Abilities, Weirdness & Mutations

You cannot wear armour.
You are incapable of wielding weapons or throwing items.
Your paws have sharp claws.
You have razor-sharp teeth.
You have supernaturally acute eyesight.
You are carnivorous and can eat meat at any time.
You cover ground quickly.
You are covered in fur (AC +1).
You have a slow metabolism.
You can jump attack at a short distance.


Message History

The orc wizard is severely wounded.
The orc completely misses you. The orc closely misses you.
The orc wizard seems less confused.
The orc wizard is no longer bleeding.
The orc wizard hits you with a dagger. The orc misses you.
You barely miss the orc wizard.
The orc wizard is severely wounded.
The orc barely misses you.
The orc wizard hits you but does no damage.
The orc closely misses you.
You closely miss the orc wizard. Your punch misses the orc wizard.
The orc wizard is severely wounded.
The orc closely misses you. The orc wizard hits you with a dagger.
* * * LOW HITPOINT WARNING * * *
The orc hits you.
* * * LOW HITPOINT WARNING * * *
The orc wizard casts a spell.
The orc wizard seems to speed up.
The orc closely misses you. The orc wizard hits you with a dagger.
You die...
Your body glows slightly and disappears.

##############
#.............
+............>
#$.............
#....oo........
#....o.........
#....@.........
##
##.........##+
.# #.####....#
.# #...# ......
.# ###.# ......
.# #.# ....# .#
#.# #### .# #.#
.# #.#


You could see an orc wizard and 2 orcs.

Vanquished Creatures
  A scorpion (D:3)
  A hound (D:4)
  Natasha (twice) (D:3)
  6 adders
  A gnoll (D:1)
  A shadow imp (D:3)
  A worm (D:2)
  5 giant geckos
  2 oozes (D:3)
  4 orcs (D:3)
  A ball python (D:3)
  7 bats
  2 giant cockroaches
  10 goblins
  8 hobgoblins
  A quokka (D:2)
  2 giant newts
  7 kobolds
  9 rats
71 creatures vanquished.

Vanquished Creatures (others)
  Natasha (D:3)
1 creature vanquished.

Grand Total: 72 creatures vanquished

Notes
Turn   | Place    | Note
--------------------------------------------------------------
     0 | D:1      | Froboctopus, the Felid Monk, began the quest for the Orb.
     0 | D:1      | Reached XP level 1. HP: 9/9 MP: 2/2
   146 | D:1      | Found a sparkling altar of Nemelex Xobeh.
   157 | D:1      | Became a worshipper of Nemelex Xobeh the Trickster
   157 | D:1      | Received a gift from Nemelex Xobeh
   157 | D:1      | Acquired Nemelex Xobeh's first power
   244 | D:1      | Reached XP level 2. HP: 13/13 MP: 3/3
   253 | D:1      | Acquired Nemelex Xobeh's second power
   334 | D:1      | Reached skill level 1 in Evocations
   493 | D:1      | Reached XP level 3. HP: 11/16 MP: 1/5
  1258 | D:2      | Reached XP level 4. HP: 20/20 MP: 8/8
  1782 | D:2      | Found a bloodstained altar of Trog.
  2053 | D:3      | Reached skill level 5 in Dodging
  2091 | D:3      | HP: 1/21 [ball python (1)]
  2092 | D:3      | Slain by a ball python
  2093 | D:3      | Reached XP level 3. HP: 0/17 MP: 5/5
  2257 | D:3      | Received a gift from Nemelex Xobeh
  2260 | D:3      | Found a burning altar of Makhleb.
  2361 | D:3      | Noticed Natasha
  2379 | D:3      | Reached XP level 4. HP: 21/21 MP: 3/8
  2398 | D:3      | Killed Natasha
  2423 | D:3      | Acquired Nemelex Xobeh's third power
  2435 | D:3      | Noticed Natasha
  2442 | D:3      | HP: 1/21 [Natasha/magic dart (7)]
  2739 | D:3      | Noticed a scorpion
  2744 | D:3      | Killed Natasha
  2751 | D:3      | Killed a scorpion
  2751 | D:3      | Reached XP level 5. HP: 7/25 MP: 5/9
  2912 | D:3      | Noticed Natasha
  2916 | D:3      | Killed Natasha
  3240 | D:4      | Slain by an orc wizard

Action                   |  1- 3 |  4- 6 || total
-------------------------+-------+-------++-------
Melee: Unarmed           |   105 |   113 ||   218
Invok: Draw One          |     6 |     6 ||    12
 Abil: Jump Attack       |    13 |    12 ||    25
Evoke: Wand              |       |     4 ||     4
  Use: Potion            |     2 |     1 ||     3
       Scroll            |       |     2 ||     2
 Stab: Sleeping          |     3 |       ||     3
